Map: Neon Violet Square LE

Players

iPlayDefense - Winner!

  • Race: Terran Terran
  • League: Silver
  • Spawn Location: 11:00

Rudedog

  • Race: Terran Terran
  • League: Silver
  • Spawn Location: 5:00

VOD

Have the link to the VOD?

Description

Time

  • Played on: April 13, 2025, 10:48 p.m.
  • Length: 7:45
Show
View Real Time Build Order
Export as new Build Order

iPlayDefense Terran - Winner!

Build Orders:  

Get SALT Encoding   

  12  0:00  SCV  
  13  0:15  Supply Depot  
  13  0:20  Refinery  
  13  0:24  SCV  
  14  0:41  Barracks  
  14  0:44  SCV  
  15  0:56  SCV  
  16  1:08  SCV  
  17  1:23  Supply Depot  
  17  1:30  Orbital Command, Barracks Reactor  
  17  1:40  Refinery  
  17  1:49  Factory  
  17  2:00  SCV  
  18  2:08  Marine x2  
  19  2:12  SCV  
  21  2:24  SCV  
  21  2:27  Marine x2  
  24  2:35  Factory Tech Lab  
  24  2:37  Starport  
  24  2:41  Starport  
  24  2:59  Siege Tank  
  24  3:04  SCV  
  28  3:06  Marine x2  
  30  3:16  SCV, Starport Reactor  
  31  3:22  Starport Tech Lab  
  31  3:24  Starport Reactor  
  31  3:35  Supply Depot  
  31  3:50  Command Center  
  31  3:57  SCV  
  32  4:10  SCV  
  32  4:12  Marine x2  
  32  4:15  Siege Tank  
  38  4:30  Marine  
  39  4:35  Supply Depot  
  39  4:56  Marine, Viking x3  
  46  5:02  Orbital Command  
  46  5:09  SCV  
  46  5:13  Siege Tank  
  50  5:19  Supply Depot  
  50  5:21  SCV  
  51  5:32  Refinery  
  51  5:33  SCV  
  52  5:39  Refinery  
  52  5:42  SCV  
  53  5:43  Marine x2  
  53  5:45  SCV  
  53  5:47  Siege Tank  
  59  5:54  SCV  
  60  5:58  SCV  
  61  6:06  SCV  
  62  6:15  SCV  
  62  6:17  Viking x3  
  69  6:18  SCV  
  69  6:22  Supply Depot  
  70  6:44  SCV x2, Viking  
  74  6:50  Supply Depot  
  74  6:56  SCV x2  
  73  7:08  SCV x2  
  62  7:29  SCV x2  
  75  7:43  Supply Depot  
Show
View Real Time Build Order
Export as new Build Order

Rudedog Terran 

Build Orders:  

Get SALT Encoding   

  12  0:02  SCV  
  13  0:14  Refinery  
  13  0:17  SCV  
  14  0:26  Refinery  
  14  0:35  Supply Depot  
  14  0:42  SCV  
  15  0:57  SCV  
  16  1:04  Barracks  
  16  1:09  SCV  
  17  1:21  SCV  
  18  1:33  SCV  
  19  1:53  Marine  
  20  1:58  Factory  
  20  2:00  SCV  
  21  2:12  SCV  
  22  2:28  SCV  
  23  2:42  Engineering Bay  
  23  2:56  Supply Depot  
  23  3:18  SCV  
  24  3:22  Starport  
  24  3:30  Planetary Fortress  
  24  3:50  Marine  
  25  4:02  Starport Tech Lab  
  25  4:09  Fusion Core  
  25  4:18  Starport  
  25  4:29  SCV  
  26  4:35  Marine  
  27  4:57  Supply Depot x2, Starport Tech Lab  
  27  4:59  Weapon Refit  
  27  5:18  Battlecruiser  
  27  5:21  Battlecruiser  
  39  5:38  Armory  
  39  5:50  Supply Depot  
  39  6:23  Battlecruiser  
  45  6:31  Command Center  
  45  6:49  Refinery  
Tags
 
Matchup
TvT
Race
Terran
Replay Pack
DaveSC2
Spawn Locations
Cross Positions
Add a new tag
Caveats
  • Supply blocks, unpowered buildings, or Contaminate may cause inaccurate times.
  • Supply counts are checked every 10 seconds.